 Dungeon Crawl Stone Soup version 0.30-a0-743-gbfdf073431 (webtiles) character file.

Game seed: 16338040678189363235

6263 sircluck the Skirmisher (level 10, -2/53 HPs)
             Began as a Spriggan Hunter on Feb 7, 2023.
             Slain by a vault guard
             ... wielding a +0 broad axe
              (19 damage)
             ... in a bailey.
             The game lasted 00:29:27 (8616 turns).

sircluck the Skirmisher (Spriggan Hunter)           Turns: 8616, Time: 00:29:28

Health: -2/53      AC:  5    Str: 11    XL:     10   Next: 62%
Magic:  11/11      EV: 23    Int: 10    God:
Gold:   425        SH:  0    Dex: 22    Spells: 9/9 levels left

rFire   + + .      SeeInvis +    K - +2 shortbow (flame)
rCold   + . .      Faith    .    (shield currently unavailable)
rNeg    . . .      Spirit   .    j - +2 robe {rC+ rF+}
rPois   .          Reflect  .    (helmet restricted)
rElec   .          Harm     .    E - +0 cloak
rCorr   .          Rampage  .    (gloves unavailable)
Will    +....                    (boots unavailable)
Stlth   +++                      (no amulet)
HPRegen 0.28/turn                q - ring of protection from fire
MPRegen 0.12/turn                (no ring)

@: very quick
A: very small, no large weapons, unfitting armour, see invisible, speed 3,
strong 1, wild magic 1
a: no special abilities


You were in a bailey.
You visited 2 branches of the dungeon, and saw 9 of its levels.
You also visited: Ossuary and Bailey.

You collected 425 gold pieces.

Inventory:

Hand Weapons
 a - a +0 shortbow
 v - a +0 short sword
 F - a +1 dagger of venom
 K - a +2 shortbow of flaming (weapon)
 O - a +0 demon whip of venom
Missiles
 u - 22 poisoned darts
 x - 2 throwing nets
 P - a boomerang
Armour
 c - a +0 robe
 j - a +2 robe of resistance (worn)
 D - a +0 robe
 E - a +0 cloak (worn)
Jewellery
 q - a ring of protection from fire (left hand)
 w - an amulet of regeneration
 G - a +6 ring of dexterity
 H - a ring of fire
Wands
 y - a wand of paralysis (7)
 I - a wand of flame (10)
 L - a wand of polymorph (15)
Scrolls
 b - 6 scrolls of immolation
 e - 3 scrolls of teleportation {unknown}
 f - 2 scrolls of brand weapon {unknown}
 h - 3 scrolls of vulnerability {unknown}
 i - a scroll of torment {unknown}
 k - 6 scrolls of identify {unknown}
 m - a scroll of poison {unknown}
 o - a scroll of fog {unknown}
 p - 2 scrolls of enchant armour {unknown}
 r - 7 scrolls of noise
 z - a scroll of summoning {unknown}
 C - a scroll of fear {unknown}
 M - a scroll of silence {unknown}
 N - a scroll of blinking {unknown}
Potions
 d - a potion of curing
 g - 3 potions of lignification
 n - a potion of resistance {unknown}
 s - a potion of brilliance {unknown}
 t - 3 potions of mutation
 A - 2 potions of haste {unknown}
 B - 2 potions of magic {unknown}
 J - a potion of might {unknown}


   Skills:
 + Level 6.3 Fighting
 + Level 13.4 Ranged Weapons
 + Level 7.1 Dodging
 + Level 4.4 Stealth
 + Level 0.7 Unarmed Combat
 + Level 2.6 Evocations


You had 9 spell levels left.
You didn't know any spells.
Your spell library contained the following spells:

 Spells                   Type           Power      Damage    Failure   Level
 Sting                    Tmut/Pois      0%         1d3       45%         1
 Poisonous Vapours        Pois/Air       0%         N/A       58%         2
 Scorch                   Fire           0%         2d5       58%         2
 Dazzling Flash           Conj/Hex       0%         N/A       82%         3
 Flame Wave               Conj/Fire      0%         2d4       99%         4
 Iskenderun's Mystic Bla  Conj/Tloc      0%         2d3       99%         4
 Olgreb's Toxic Radiance  Pois           0%         N/A       99%         4
 Starburst                Conj/Fire      0%         6d3       100%        6
 Summon Cactus Giant      Summ           0%         N/A       100%        6


Dungeon Overview and Level Annotations

Branches:
Dungeon (8/15)             Temple (1/1) D:5         Ossuary (visited)
 Bailey (1/1)
   Lair: D:8-11

Altars:
Ashenzari
Cheibriados
Elyvilon
Fedhas
Gozag
Hepliaklqana
Kikubaaqudgha
Makhleb
Nemelex Xobeh
Okawaru
Ru
Sif Muna
Trog
Uskayaw
Vehumet
Wu Jian
Xom
Zin
The Shining One

Shops:
D:2 =   D:3 (   D:5 :


Innate Abilities, Weirdness & Mutations

You are very small and have problems with some larger weapons.
You are too small for most types of armour.
You have supernaturally acute eyesight. (SInv)
You cover ground extremely quickly. (Speed+++)
Your muscles are strong. (Str +4, Int/Dex -1)
Your spells are a little harder to cast, but a little more powerful.


Message History

The bullfrog is severely wounded.
The bullfrog misses you.
You shoot an arrow. The arrow closely misses the bullfrog.
The blink frog gives a loud, deep croak!
The bullfrog misses you. The bullfrog completely misses you.
You shoot an arrow. The arrow hits the bullfrog.
The arrow burns the bullfrog.
The bullfrog is almost dead.
The bullfrog closely misses you. The bullfrog barely misses you.
You shoot an arrow. The arrow hits the bullfrog.
The arrow burns the bullfrog.
You kill the bullfrog!
The bullfrog completely misses you. The bullfrog hits you.
You shoot an arrow. The arrow closely misses the bullfrog.
The arrow hits the vault guard but does no damage.
Aiming: Polymorph
Press: ? - help, Q - select action, (/) - cycle Shift-Dir - straight line, f - vault guard, p - bullfrog
Aim: a vault guard, wielding a +0 broad axe and wearing a +0 chain mail (will become an emperor scorpion, an alligator, or a purple draconian, chance to affect: 22%)
The vault guard resists with almost no effort.
The blink frog blinks!
You shoot an arrow.
The arrow closely misses the vault guard.
The arrow hits the bullfrog!
The arrow burns the bullfrog.
You kill the bullfrog!
The vault guard hits you with a +0 broad axe.
Aiming: Polymorph
Press: ? - help, Q - select action, (/) - cycle Shift-Dir - straight line, f/p - vault guard
Aim: a vault guard, wielding a +0 broad axe and wearing a +0 chain mail (will become an emperor scorpion, an alligator, or a purple draconian, chance to affect: 22%)
The vault guard resists with almost no effort.
The vault guard hits you with a +0 broad axe.
The vault guard completely misses you.
The blink frog blinks!
Aiming: Polymorph
Press: ? - help, Q - select action, (/) - cycle Shift-Dir - straight line, f/p - vault guard
Aim: a vault guard, wielding a +0 broad axe and wearing a +0 chain mail (will become an emperor scorpion, an alligator, or a purple draconian, chance to affect: 22%)
The vault guard resists with almost no effort.
The vault guard completely misses you. The vault guard barely misses you.
Aiming: Polymorph
Press: ? - help, Q - select action, (/) - cycle Shift-Dir - straight line, f/p - vault guard
Aim: a vault guard, wielding a +0 broad axe and wearing a +0 chain mail (will become an emperor scorpion, an alligator, or a purple draconian, chance to affect: 22%)
The vault guard resists with almost no effort.
The vault guard hits you with a +0 broad axe!! x2
You die...

!.....#............#..#...
p..∩..'.~..~.~~~~..'..#...
F.....#....~~≈≈≈≈~~#.....#
)....##F..~≈≈####≈≈#....##
######~..~≈###!?#########
#~~~.§## ...# ##~~.≈#
...~# ##~p≈#..~~# ###@p†~#
######


You could see 2 vault guards and a blink frog.

Vanquished Creatures
  Amaemon (D:8)
  The ghost of Dittersdorf the Cudgeller, a novice GrFi (D:6)
  Pikel (D:6)
  An ice devil (D:8)
  A hornet (D:8)
  Prince Ribbit (D:6)
  Sigmund (D:2)
  Eustachio (D:6)
  5 humans (Bailey)
  Edmund (D:6)
  The ghost of lotum the Digger, an amateur OpEE of Vehumet (D:4)
  4 water moccasins
  A sky beast (D:7)
  2 black bears
  2 ogres
  2 centaurs
  A kobold brigand (D:7)
  3 phantoms (D:5)
  Blork the orc (D:4)
  5 bullfrogs
  A scorpion (D:5)
  5 killer bees (D:8)
  A howler monkey (D:8)
  4 quasits (D:4)
  5 hounds
  2 human zombies (Ossuary)
  An orc priest (D:3)
  3 iguanas
  7 orc wizards
  5 mummies (Ossuary)
  13 adders
  2 shadow imps (D:7)
  2 worms
  3 dart slugs
  21 orcs
  4 ball pythons
  7 endoplasms
  3 giant cockroaches
  2 gnoll zombies (Ossuary)
  14 goblins
  8 hobgoblins
  6 jackals (D:3)
  15 kobolds
  6 quokkas
  6 bats
  2 frilled lizards (D:1)
  3 kobold zombies (Ossuary)
  An orc zombie (Ossuary)
  3 rats
  A spectral goblin (D:3)
192 creatures vanquished.

Notes
Turn   | Place    | Note
-------+----------+-------------------------------------------
     0 | D:1      | sircluck the Spriggan Hunter began the quest for the Orb.
     0 | D:1      | Reached XP level 1. HP: 10/10 MP: 2/2
    86 | D:1      | Reached XP level 2. HP: 15/15 MP: 3/3
  1117 | D:2      | Reached XP level 3. HP: 18/18 MP: 4/4
  1200 | D:2      | Noticed Sigmund
  1209 | D:2      | Killed Sigmund
  1210 | D:2      | Reached skill level 6 in Ranged Weapons
  1210 | D:2      | Reached XP level 4. HP: 10/23 MP: 5/5
  1210 | D:2      | Reached XP level 5. HP: 12/27 MP: 6/6
  1423 | D:2      | Found Hidghima's Jewellery Boutique.
  1788 | D:3      | Reached XP level 6. HP: 14/32 MP: 7/7
  1894 | D:3      | Found Xehutoox's Weapon Shoppe.
  2381 | D:3      | Reached skill level 7 in Ranged Weapons
  2541 | D:3      | Found a faded altar of an unknown god.
  2811 | D:4      | Noticed lotum's ghost (amateur OpEE)
  2861 | D:4      | Found a transporter.
  3054 | D:4      | Reached XP level 7. HP: 35/35 MP: 8/8
  3126 | D:4      | Found a sand-covered staircase.
  3153 | Ossuary  | Entered an ossuary
  3280 | Ossuary  | Reached skill level 8 in Ranged Weapons
  3598 | D:4      | Noticed Blork the orc
  3605 | D:4      | Killed Blork the orc
  3909 | D:5      | Entered Level 5 of the Dungeon
  3976 | D:5      | Found Wawy's Book Shoppe.
  3997 | D:4      | Found a transporter.
  4014 | D:4      | Killed lotum's ghost
  4356 | D:5      | Reached XP level 8. HP: 40/40 MP: 9/9
  4362 | D:5      | Found a staircase to the Ecumenical Temple.
  4422 | D:5      | Reached skill level 9 in Ranged Weapons
  4599 | D:5      | Gained mutation: Your muscles are strong. (Str +4, Int/Dex
                  | -1) [potion of mutation]
  4599 | D:5      | Gained mutation: Your spells are a little harder to cast,
                  | but a little more powerful. [potion of mutation]
  5040 | D:5      | Reached skill level 5 in Dodging
  5114 | D:5      | Reached skill level 10 in Ranged Weapons
  5413 | Temple   | Entered the Ecumenical Temple
  5749 | D:6      | Noticed Prince Ribbit
  5801 | D:6      | Noticed Pikel
  5878 | D:6      | Killed Prince Ribbit
  5977 | D:6      | Noticed Eustachio
  6008 | D:6      | Killed Eustachio
  6009 | D:6      | Reached XP level 9. HP: 36/46 MP: 10/10
  6095 | D:6      | Killed Pikel
  6096 | D:6      | Reached skill level 11 in Ranged Weapons
  6137 | D:6      | Identified the +5 sling of Wealth {antimagic, Str-2 Int+3
                  | Dex+3}
  6379 | D:6      | Noticed Edmund
  6383 | D:6      | Killed Edmund
  6442 | D:6      | Reached skill level 5 in Fighting
  6599 | D:6      | Found a runed translucent gate.
  6600 | D:6      | Found a runed translucent gate.
  6601 | D:6      | Found a runed translucent gate.
  6605 | D:6      | Noticed Dittersdorf's ghost (novice GrFi)
  6809 | D:6      | Killed Dittersdorf's ghost
  6810 | D:6      | Reached skill level 12 in Ranged Weapons
  6810 | D:6      | Reached skill level 1 in Evocations
  7586 | D:7      | Reached XP level 10. HP: 43/51 MP: 11/11
  8029 | D:8      | Noticed Amaemon
  8029 | D:8      | Noticed an orange demon
  8134 | D:8      | an orange demon changed into an ice devil
  8155 | D:8      | HP: 2/53 [ice devil[Amaemon] (15)]
  8162 | D:8      | Killed Amaemon
  8184 | D:8      | Reached skill level 13 in Ranged Weapons
  8340 | D:8      | Found a flagged portal.
  8359 | Bailey   | Entered a bailey
  8452 | Bailey   | HP: 1/53 [human/+2 heavy hand axe (19)]
  8595 | Bailey   | Noticed a vault guard
  8605 | Bailey   | Noticed a vault guard
  8616 | Bailey   | Slain by a vault guard

Illustrated notes

Levels and vault maps discovered:
D:1:      dpeg_arrival_boxes_within_box, layout_basic, reono_crystal_passage,
          roderic_cross_of_infinity, hangedman_abyss_or_decor_lesser_grid
D:2:      layout_rooms, serial_shops, nicolae_shop_waterfront, uniq_sigmund
D:3:      kennysheep_six_static_rooms, layout_rooms,
          dreamdust_ecumenical_altar_drowned_temple, serial_shops,
          nicolae_shop_bloodbath_and_beyond
D:4:      layout_loops_ring, nicolae_ossuary_entry_false_entrances,
          gammafunk_ghost_stat_death, uniq_blork_the_orc
D:5:      minmay_diamond_boxcup, layout_cave_pools, minmay_temple_entry_arrows,
          serial_shops, shop
D:6:      layout_basic, ebering_ghost_rock_garden, uniq_edmund, uniq_pikel,
          uniq_prince_ribbit1, uniq_eustachio
D:7:      layout_loops_corners
D:8:      layout_rooms, enter_bailey_4, grunt_ministairs_2,
          chequers_hall_statues_corner_a, serial_park_tiny_2, minivault_19,
          minivault_5, uniq_amaemon
Temple:   hellmonk_temple_of_storms
Bailey:   bailey_axe_froggy_fort_hellmonk, bailey

Skill      XL: |  1  2  3  4  5  6  7  8  9 10 |
---------------+-------------------------------+-----
Fighting       | 2 3 4 5 6 |  6.3
Ranged Weapons | 6 7 8 10 12 13 | 13.4
Stealth        | 2 3 4 |  4.4
Dodging        | 3 4 5 7 |  7.1
Evocations     | 2 |  2.6
Unarmed Combat | |  0.7

Action                     |  1- 3 |  4- 6 |  7- 9 | 10-12 || total
---------------------------+-------+-------+-------+-------++-------
  Melee: Unarmed           |       |       |       |    15 ||    15
   Fire: Shortbow          |    56 |   139 |   548 |   158 ||   901
  Evoke: Wand              |       |       |    10 |     8 ||    18
    Use: Potion            |       |       |     6 |     6 ||    12
         Scroll            |       |       |     1 |       ||     1
   Stab: Confused          |       |       |       |     3 ||     3
 Armour: Robe              |       |    10 |   100 |     5 ||   115
         Skin              |       |       |       |     5 ||     5
  Dodge: Dodged            |     8 |    45 |   516 |   123 ||   692

Table legend: (Time is in decaauts)
 A = Elapsed time spent in this place.
 B = Non-inter-level travel time spent in this place.
 C = Inter-level travel time spent in this place.
 D = Time resting spent in this place.
 E = Time spent auto-exploring this place.
 F = Levels seen in this place.
 G = Mean time per level.
                   A        B        C        D        E       F      G
               +--------+--------+--------+--------+--------+-----+--------+
         Total |   6028 |   5194 |    834 |    121 |   2920 |  11 |  548.0 |
       Dungeon |   5443 |   4612 |    831 |      0 |   2813 |   8 |  680.4 |
        Temple |     24 |     21 |      3 |      0 |     10 |   1 |   24.0 |
       Ossuary |    351 |    351 |      0 |    121 |     32 |   1 |  351.0 |
        Bailey |    209 |    209 |      0 |      0 |     64 |   1 |  209.0 |
               +--------+--------+--------+--------+--------+-----+--------+

Top non-repeatable levels by time:
     D:5: 935 daAuts
     D:4: 876 daAuts
     D:6: 771 daAuts
     D:7: 726 daAuts
     D:3: 707 daAuts
     D:1: 688 daAuts
     D:2: 509 daAuts
 Ossuary: 351 daAuts
     D:8: 228 daAuts
  Bailey: 209 daAuts
  Temple: 24 daAuts
